 Dungeon Crawl Stone Soup version 0.31.0-1-g2c135a0 (webtiles) character file.

Game seed: 6600660786356068181

39 333guts333 the Conjurer (level 3, -3/26 HPs)
             Began as a Demigod Conjurer on Feb 26, 2024.
             Slain by a goblin
             ... wielding a +0 dagger
             ... led by Robin
              (6 damage)
             ... on level 2 of the Dungeon.
             The game lasted 00:01:21 (1403 turns).

333guts333 the Conjurer (Demigod Conjurer)          Turns: 1403, Time: 00:01:22

Health: -3/26      AC:  2    Str:  8    XL:     3   Next: 11%
Magic:  6/9        EV: 12    Int: 24    God:
Gold:   37         SH:  0    Dex: 12    Spells: 3/6 levels left

rFire   . . .        c - +1 dagger (venom)
rCold   . . .        (no shield)
rNeg    . . .        a - +0 robe
rPois   .            (no helmet)
rElec   .            (no cloak)
rCorr   .            (no gloves)
SInv    .            (no boots)
Will    .....        (no amulet)
Stlth   ++           (no ring)
HPRegen 0.24/turn    (no ring)
MPRegen 0.11/turn

%: no passive effects
@: no status effects
A: high MP 1, forlorn, divine attributes
a: no special abilities


You were on level 2 of the Dungeon.
You visited 1 branch of the dungeon, and saw 2 of its levels.

You collected 37 gold pieces.

Inventory:

Hand Weapons
 c - a +1 dagger of venom (weapon)
Armour
 a - a +0 robe (worn)
Scrolls
 d - 3 scrolls of fear {unknown}
 e - a scroll of amnesia {unknown}
Potions
 b - a potion of magic
 f - a potion of mutation {unknown}
 g - 2 potions of berserk rage {unknown}


   Skills:
 - Level 1.7 Dodging
 - Level 1.7 Stealth
 + Level 2.3 Spellcasting
 * Level 4.3 Conjurations


You had 3 spell levels left.
You knew the following spells:

 Your Spells              Type           Power      Damage    Failure   Level
a - Magic Dart            Conj           92%        1d7       1%          1
b - Searing Ray           Conj           46%        2d6       3%          2

Your spell library contained the following spells:

 Spells                   Type           Power      Damage    Failure   Level
 Fugue of the Fallen      Necr           2%         N/A       34%         3
 Ozocubu's Armour         Ice            2%         N/A       34%         3
 Fulminant Prism          Conj/Alch      6%         3d7       43%         4
 Iskenderun's Mystic Bla  Conj/Tloc      13%        2d5       43%         4
 Manifold Assault         Tloc           2%         N/A       75%         4


Dungeon Overview and Level Annotations

Branches:
Dungeon (2/15)

Annotations:
D:2 Robin


Innate Abilities, Weirdness & Mutations

You have an increased reservoir of magic. (+10% MP)
You shall have no god before yourself.
Your divine heritage dramatically boosts your attributes as you level up.


Message History

Unknown command.
The goblin misses you.
The ribbon worm attacks as it pursues you!
The ribbon worm bites you!
* * * LOW HITPOINT WARNING * * *
The goblin attacks as it pursues you! The goblin misses you.
Robin throws the goblin at you!
* * * LOW HITPOINT WARNING * * *
Casting: Magic Dart (safe; 1% risk of failure)
Confirm with . or Enter, or press ? or * to list all spells.
Aiming: Searing Ray (safe; 3% risk of failure)
Press: ? - help, Shift-Dir - straight line, f - goblin
Aim: a goblin, wielding a +0 dagger (strong, 72% to hit)
Okay, then.
Okay, then.
Okay, then.
Unknown command.
Casting: Searing Ray (safe; 3% risk of failure)
Confirm with . or Enter, or press ? or * to list all spells.
Aiming: Searing Ray (safe; 3% risk of failure)
Press: ? - help, Shift-Dir - straight line, f - goblin
Aim: a goblin, wielding a +0 club (strong, 72% to hit)
The searing ray misses the goblin.
The searing ray hits the ribbon worm.
The ribbon worm is moderately wounded.
The searing ray hits the goblin.
You kill the goblin!
The searing ray hits the hobgoblin!
You kill the hobgoblin! (Press . to maintain the ray.)
The goblin barely misses you. The goblin misses you.
Unknown command.
Unknown command.
The searing ray hits the goblin.
You kill the goblin!
The searing ray hits the ribbon worm.
The ribbon worm is heavily wounded.
The searing ray hits the hobgoblin.
The hobgoblin is lightly wounded.
The goblin hits you with a +0 dagger.
You die...

... .. ..#####.
.....#. ..#..
.... ..# . #g#
.. #@# .. #w#
#.####.###
#....ggg.##.#
.:#.<.gg......#
...g.!.<....>...
.#.........#..##
##........#.##
.............#


You could see a ribbon worm, Robin, 2 hobgoblins and 2 goblins.

Vanquished Creatures
  A dart slug (D:1)
  5 ball pythons (D:1)
  A bat (D:1)
  6 endoplasms (D:1)
  4 giant cockroaches (D:1)
  3 hobgoblins
  A jackal (D:1)
  A quokka (D:1)
  2 frilled lizards (D:1)
  3 goblins
  4 kobolds (D:1)
  2 rats (D:1)
33 creatures vanquished.

Notes
Turn   | Place    | Note
-------+----------+-------------------------------------------
     0 | D:1      | 333guts333 the Demigod Conjurer began the quest for the
                  | Orb.
     0 | D:1      | Reached XP level 1. HP: 14/14 MP: 5/5
   247 | D:1      | Reached XP level 2. HP: 20/20 MP: 2/7
   313 | D:1      | Reached skill level 4 in Conjurations
   448 | D:1      | Learned a level 2 spell: Searing Ray
  1221 | D:1      | Reached XP level 3. HP: 25/26 MP: 1/9
  1394 | D:2      | Noticed Robin
  1403 | D:2      | Slain by a goblin

Illustrated notes

Levels and vault maps discovered:
D:1:      onia_arrival_pentagram, layout_basic, serial_rivers,
          chequers_serial_rivers_micro_d, chequers_serial_rivers_micro_b,
          chequers_serial_rivers_small_b, chequers_serial_rivers_micro_a,
          hellmonk_ecumenical_altar_heavens_door, minmay_quantized
D:2:      layout_rooms, basic_altar, grunt_decor_mini_mirrors, uniq_robin

Skill      XL: |  1  2 |
---------------+-------+-----
Spellcasting   | 2 |  2.3
Conjurations   | 4 |  4.3
Dodging        | |  1.7
Stealth        | |  1.7

Action                     || total
---------------------------++-------
  Melee: Dagger            ||    11
   Cast: Magic Dart        ||    56
         Searing Ray       ||     1
 Armour: Robe              ||    15
  Dodge: Dodged            ||    18
